 Dungeon Crawl Stone Soup version 0.27-a0-1525-g1038ab4fd7 (webtiles) character file.

Game seed: 5964678847134974090

1396 quinnr the Zephyrmancer (level 8, -1/43 HPs)
             Began as a Tengu Air Elementalist on July 10, 2021.
             Was an Initiate of Vehumet.
             Slain by an unseen horror (3 damage)
             ... on level 6 of the Dungeon.
             The game lasted 00:19:13 (8528 turns).

quinnr the Zephyrmancer (Tengu Air Elementalist)    Turns: 8528, Time: 00:19:14

Health: -1/43      AC:  2    Str:  9    XL:     8   Next: 68%
Magic:  9/15       EV: 14    Int: 17    God:    Vehumet [......]
Gold:   269        SH:  0    Dex: 15    Spells: 7/15 levels left

rFire    + . .     SeeInvis .   d - +2 dagger (venom)
rCold    . . .     Faith    .   (no shield)
rNeg     . . .     Spirit   .   a - +0 robe
rPois    .         Reflect  .   (helmet restricted)
rElec    .         Harm     .   (no cloak)
rCorr    +         Rampage  .   (no gloves)
Will     .....                  (boots unavailable)
Stlth    ++........             h - amulet of regeneration
HPRegen  1.14/turn              l - ring of resist corrosion
MPRegen  0.14/turn              m - ring of protection from fire

@: flying quickly and evasively, studying Long Blades, quick
A: beak, talons 3, nimble flight
a: Renounce Religion


You were on level 6 of the Dungeon.
You worshipped Vehumet.
Vehumet was noncommittal.
You visited 1 branch of the dungeon, and saw 6 of its levels.

You collected 269 gold pieces.

Inventory:

Hand Weapons
 d - a +2 dagger of venom (weapon)
 x - a +0 dagger of draining
Missiles
 v - a throwing net
Armour
 a - a +0 robe (worn)
 q - a +0 pair of gloves
 s - a +3 leather armour of fire resistance
Jewellery
 h - an amulet of regeneration (around neck)
 i - a ring of protection from cold
 l - a ring of resist corrosion (left hand)
 m - a ring of protection from fire (right hand)
Wands
 r - a wand of acid (4)
 u - a wand of flame (13)
Scrolls
 b - a scroll of enchant weapon
 c - 2 scrolls of teleportation
 e - a scroll of blinking
 f - 6 scrolls of immolation
 k - 5 scrolls of noise
 p - a scroll of fog
 t - 2 scrolls of identify
 y - a scroll of amnesia {unknown}
Potions
 g - a potion of lignification
 j - a potion of might
 n - a potion of resistance
 o - 4 potions of curing
 w - a potion of attraction {unknown}
 z - a potion of brilliance {unknown}
 A - a potion of flight {unknown}


   Skills:
 - Level 1.0 Fighting
 - Level 2.1 Dodging
 - Level 2.0 Stealth
 - Level 4.0 Spellcasting
 - Level 1.3 Conjurations
 + Level 12.3 Air Magic
 - Level 2.0 Poison Magic


You had 7 spell levels left.
You knew the following spells:

 Your Spells              Type           Power      Damage    Failure   Level
a - Shock                 Conj/Air       100%       1d9       1%          1
b - Airstrike             Air            22%        N/A       1%          4
c - Mephitic Cloud        Conj/Pois/Air  21%        N/A       5%          3

Your spell library contained the following spells:

 Spells                   Type           Power      Damage    Failure   Level
 Poisonous Vapours        Pois/Air       54%        N/A       1%          2
 Static Discharge         Conj/Air       26%        N/A       1%          2
 Swiftness                Air            45%        N/A       1%          3
 Magic Dart               Conj           32%        1d4       9%          1
 Sting                    Tmut/Pois      24%        1d4       11%         1
 Animate Skeleton         Necr           6%         N/A       16%         1
 Corona                   Hex            3%         N/A       16%         1
 Pain                     Necr           12%        1d4       16%         1
 Call Imp                 Summ           3%         N/A       24%         2
 Ensorcelled Hibernation  Hex/Ice        6%         N/A       24%         2
 Tukima's Dance           Hex            3%         N/A       43%         3
 Vampiric Draining        Necr           1%         2d6       43%         3
 Olgreb's Toxic Radiance  Pois           10%        N/A       56%         4
 Summon Forest            Summ/Tloc      1%         N/A       99%         5
 Summon Mana Viper        Hex/Summ       3%         N/A       99%         5
 Shadow Creatures         Summ           N/A        N/A       100%        6


Dungeon Overview and Level Annotations

Branches:
Dungeon (6/15)
 Temple: D:4-7

Altars:
Ashenzari
Gozag
Qazlal
Ru
Vehumet
Xom
Zin
The Shining One

Annotations:
D:5 3 runed translucent doors, Mrcawl's ghost, novice SpHu; dolemite99's ghost, novice GnIE


Innate Abilities, Weirdness & Mutations

You have a beak for a mouth.
You have claws for feet.
Your magical nature lets you fly swiftly and evasively.


Message History

There is a strange disturbance nearby!
You can't see any susceptible monsters within range! (Use Z to cast anyway.)
You can't see any susceptible monsters within range! (Use Z to cast anyway.)
You can't see any susceptible monsters within range! (Use Z to cast anyway.) Unknown command.
Casting: Airstrike (dangerous; 1% risk of failure)
Confirm with . or Enter, or press ? or * to list all spells.
Okay, then.
Casting: Airstrike (dangerous; 1% risk of failure)
Confirm with . or Enter, or press ? or * to list all spells.
Aiming: Airstrike (dangerous; 1% risk of failure)
Press: ? - help, Dir - move target The air twists around and strikes something!
Unknown command.
Casting: Airstrike (dangerous; 1% risk of failure)
Confirm with . or Enter, or press ? or * to list all spells.
Aiming: Airstrike (dangerous; 1% risk of failure)
Press: ? - help, Dir - move target The air twists around and strikes something!
Something hits you!
Deactivating autopickup; reactivate with Ctrl-A.
Unknown command.
Something hits you!
You barely miss something. You claw something. Something hits you.
You closely miss something. Something hits you. Something hits you.
Something hits you! Something hits you. Something hits you!
Okay, then.
Okay, then.
You feel better. Something hits you!
* * * LOW HITPOINT WARNING * * *
Something barely misses you.
Something hits you but does no damage. x2
Something hits you.
* * * LOW HITPOINT WARNING * * *
Something hits you!
* * * LOW HITPOINT WARNING * * *
Something hits you.
You die...

.....(......#.##..#
#.#
####.######...##..#
#.#
###########...##..#
#.#
............#.##..#
#.#
###########...##..#
#.#
..............##..#
#.#
################..#
#.# #..######.#
#@........# #######
#.######### #.....#
#(#<#
#.###.####.#.##
#.#...........#
#.#...####.####
#.########.#
#....(.....#
############


There were no monsters in sight!

Vanquished Creatures
  Eustachio (D:5)
  A steam dragon (D:6)
  A water moccasin (D:6)
  A necrophage (D:6)
  A centaur (D:6)
  3 scorpions
  A water moccasin skeleton (D:6)
  A wight (D:6)
  A gnoll shaman (D:5)
  A hound (D:5)
  3 orc priests
  3 iguanas
  Ijyb (D:5)
  6 orc wizards (D:5)
  A hound skeleton (D:4)
  3 gnolls (D:5)
  5 adders
  2 shadow imps (D:5)
  A white imp (D:6)
  2 worms
  14 orcs
  3 bats
  7 endoplasms
  5 giant cockroaches
  9 goblins
  2 hobgoblins
  6 jackals
  5 quokkas
  2 ball pythons
  5 frilled lizards
  6 kobolds
  A rat (D:1)
104 creatures vanquished.

Notes
Turn   | Place    | Note
-------+----------+-------------------------------------------
     0 | D:1      | quinnr the Tengu Air Elementalist began the quest for the
                  | Orb.
     0 | D:1      | Reached XP level 1. HP: 10/10 MP: 4/4
   156 | D:1      | Reached XP level 2. HP: 15/15 MP: 3/6
   307 | D:1      | Found a faded altar of an unknown god.
   343 | D:1      | Reached skill level 5 in Air Magic
   944 | D:1      | Reached XP level 3. HP: 19/19 MP: 3/7
  1591 | D:2      | Found a shimmering altar of Xom.
  1746 | D:2      | Learned a level 3 spell: Mephitic Cloud
  1981 | D:2      | Reached skill level 6 in Air Magic
  2215 | D:2      | You fall into a shaft and drop 2 floors!
  2308 | D:4      | Reached XP level 4. HP: 24/24 MP: 6/8
  2378 | D:4      | Reached skill level 1 in Poison Magic
  2847 | D:3      | Gained mutation: Your magical nature lets you fly swiftly
                  | and evasively. [Tengu growth]
  2847 | D:3      | Reached XP level 5. HP: 28/28 MP: 5/9
  2852 | D:3      | Learned a level 4 spell: Airstrike
  2907 | D:3      | Found a glowing silver altar of Zin.
  2969 | D:3      | Reached skill level 7 in Air Magic
  4588 | D:5      | Entered Level 5 of the Dungeon
  4961 | D:5      | Noticed Ijyb
  4973 | D:5      | Killed Ijyb
  5070 | D:5      | Reached skill level 8 in Air Magic
  5070 | D:5      | Reached XP level 6. HP: 32/32 MP: 1/10
  5164 | D:5      | Found an opulent altar of Gozag.
  5239 | D:5      | Found a glowing golden altar of the Shining One.
  5533 | D:5      | Noticed Eustachio
  5545 | D:5      | Killed Eustachio
  5546 | D:5      | Reached skill level 9 in Air Magic
  5546 | D:5      | Reached XP level 7. HP: 36/36 MP: 3/12
  5890 | D:5      | Reached skill level 1 in Fighting
  6306 | D:5      | Found a radiant altar of Vehumet.
  6317 | D:5      | Found a runed translucent gate.
  6317 | D:5      | Found a runed translucent gate.
  6317 | D:5      | Found a runed translucent gate.
  6321 | D:5      | Noticed Mrcawl's ghost (novice SpHu)
  6321 | D:5      | Noticed dolemite99's ghost (novice GnIE)
  6438 | D:5      | Found a stormy altar of Qazlal.
  6439 | D:5      | Found a broken altar of Ashenzari.
  6440 | D:5      | Found a sacrificial altar of Ru.
  6491 | D:5      | Became a worshipper of Vehumet
  6532 | D:5      | Identified the +7 fustibalus "Huapro" {vorpal, rPois Will+
                  | rCorr Int+4}
  6862 | D:5      | Reached skill level 10 in Air Magic
  7273 | D:6      | Reached XP level 8. HP: 43/43 MP: 1/15
  7475 | D:6      | Reached skill level 11 in Air Magic
  8180 | D:6      | Reached skill level 12 in Air Magic
  8527 | D:6      | HP: 1/43 [something (8)]
  8528 | D:6      | Slain by an unseen horror

Illustrated notes

Levels and vault maps discovered:
D:1:      evilmike_arrival_rings, layout_loops_ring,
          hellmonk_ecumenical_altar_blasted
D:2:      layout_loops_ring, basic_altar, roderic_lattice_a,
          corexii_leaking_fountain
D:3:      layout_loops_corners, mainiacjoe_overflow_brackets, serial_forest,
          infiniplex_forest_lined_1, infiniplex_forest_clump_tiny,
          infiniplex_forest_3_way, infiniplex_forest_straight_2,
          infiniplex_forest_straight_1
D:4:      layout_loops_ring
D:5:      layout_loops_corners, nicolae_gozag_cash_rules_everything_around_me,
          lemuel_crystal_altar, mainiacjoe_overflow_alcove_2,
          chequers_temple_overflow_statue_of_worship, gammafunk_ghost_cemetery,
          uniq_eustachio, uniq_ijyb
D:6:      layout_basic, temple_hall, minmay_manual_monolith

Skill      XL: |  1  2  3  4  5  6  7  8 |
---------------+-------------------------+-----
Air Magic      | 5 6 8 9 10 12 | 12.3
Poison Magic   | 1 2 |  2.0
Spellcasting   | 3 4 |  4.0
Fighting       | 1 |  1.0
Dodging        | |  2.1
Stealth        | |  2.0
Conjurations   | |  1.3

Action                   |  1- 3 |  4- 6 |  7- 9 || total
-------------------------+-------+-------+-------++-------
Melee: Dagger            |     1 |    20 |    24 ||    45
       Kick              |       |     4 |     6 ||    10
       Peck              |       |     6 |     4 ||    10
 Cast: Shock             |    88 |    77 |    75 ||   240
       Mephitic Cloud    |       |     7 |     7 ||    14
       Airstrike         |       |     6 |    15 ||    21
Evoke: Wand              |       |       |     1 ||     1
  Use: Scroll            |     1 |     8 |       ||     9
       Potion            |       |       |     1 ||     1
 Stab: Confused          |       |     5 |       ||     5
Armor: Robe              |     1 |     2 |     8 ||    11
Dodge: Dodged            |     2 |    16 |    40 ||    58

Table legend: (Time is in decaauts)
 A = Elapsed time spent in this place.
 B = Non-inter-level travel time spent in this place.
 C = Inter-level travel time spent in this place.
 D = Time resting spent in this place.
 E = Time spent auto-exploring this place.
 F = Levels seen in this place.
 G = Mean time per level.
                   A        B        C        D        E       F      G
               +--------+--------+--------+--------+--------+-----+--------+
         Total |   8147 |   7580 |    567 |    980 |   5641 |   6 | 1357.8 |
       Dungeon |   8147 |   7580 |    567 |    980 |   5641 |   6 | 1357.8 |
               +--------+--------+--------+--------+--------+-----+--------+

Top non-repeatable levels by time:
     D:5: 1838 daAuts
     D:4: 1705 daAuts
     D:1: 1324 daAuts
     D:6: 1226 daAuts
     D:2: 1052 daAuts
     D:3: 1000 daAuts
